 Dungeon Crawl Stone Soup version 0.27-a0-1347-gd8886f0a89 (webtiles) character file.

Game seed: 5739008720351497230

1158 dickylongcocking the Covered (level 8, -2/59 HPs)
             Began as a Djinni Ice Elementalist on June 28, 2021.
             Slain by a sky beast (5 damage)
             ... on level 6 of the Dungeon.
             The game lasted 00:05:58 (7670 turns).

dickylongcocking the Covered (DjIE)                 Turns: 7670, Time: 00:05:59

Health: -2/59      AC:  3    Str:  7    XL:     8   Next: 66%
Gold:   47         EV: 12    Int: 18    God:
                   SH:  0    Dex: 15

rFire    + + .     SeeInvis .   p - +9 whip of Uncomfortable Rashes {vorpal, *Corrode rC+ rN+}
rCold    . . .     Faith    .   (no shield)
rNeg     + . .     Spirit   .   n - +0 leather armour
rPois    ∞         Reflect  .   (no helmet)
rElec    .         Harm     .   (no cloak)
rCorr    .         Rampage  .   (no gloves)
Will     .....                  (boots unavailable)
Stlth    ++........             u - amulet of the acrobat
HPRegen  0.19/turn              (no ring)
MPRegen  0.00/turn              (no ring)

@: freezing walls, flying, very slightly contaminated, studying Armour
A: sickness immunity, fire resistance 2, cold vulnerability 1, float, innate
caster, hp casting, extra vitality 1
a: no special abilities


You were on level 6 of the Dungeon.
You visited 1 branch of the dungeon, and saw 6 of its levels.

You collected 243 gold pieces.
You spent 196 gold pieces at shops.

Inventory:

Hand Weapons
 m - a +0 dagger
 p - the +9 whip of Uncomfortable Rashes (weapon) {vorpal, *Corrode rC+ rN+}
   (You found it on level 5 of the Dungeon)

   It inflicts extra damage upon your enemies.
   rC:        It protects you from cold.
   rN:        It protects you from negative energy.
   *Corrode:  It may corrode you when you take damage.
 r - a +1 dagger of venom
Armour
 a - a +0 robe
 n - a +0 leather armour (worn)
Magical Staves
 i - a staff of poison
 s - a staff of air
Jewellery
 u - an amulet of the acrobat (around neck)
Wands
 q - a wand of iceblast (8)
Scrolls
 b - 5 scrolls of amnesia {unknown}
 d - 5 scrolls of enchant weapon {unknown}
 f - 2 scrolls of identify {unknown}
 g - 2 scrolls of enchant armour {unknown}
 j - 4 scrolls of teleportation {unknown}
 l - 3 scrolls of noise {unknown}
 t - a scroll of fear {unknown}
 v - 2 scrolls of immolation {unknown}
Potions
 e - a potion of cancellation {unknown}
 h - a potion of ambrosia {unknown}
 k - a potion of degeneration {unknown}
 o - 2 potions of lignification
 w - a potion of might
 x - a potion of brilliance
 z - 2 potions of heal wounds {unknown}
 A - a potion of attraction {unknown}


   Skills:
 * Level 5.3 Fighting
 * Level 7.3 Armour
 - Level 2.2 Dodging
 - Level 1.7 Stealth
 * Level 5.6 Spellcasting


You couldn't memorise any spells.
You knew the following spells:

 Your Spells              Type           Power      Damage    Failure   Level
a - Freeze                Ice            100%       1d11      1%          1
b - Frozen Ramparts       Ice            50%        1d7       5%          3
c - Ozocubu's Armour      Ice            25%        N/A       5%          3
d - Hailstorm             Conj/Ice       25%        3d7       17%         4
e - Metabolic Englaciati  Hex/Ice        12%        N/A       43%         5
f - Foxfire               Conj/Fire      100%       2x1d9     1%          1
g - Corpse Rot            Necr/Air       N/A        N/A       2%          2
h - Mephitic Cloud        Conj/Pois/Air  25%        N/A       5%          3
Your spell library was empty.

Dungeon Overview and Level Annotations

Branches:
Dungeon (6/15)
 Temple: D:4-7

Altars:
Cheibriados
Ru
Zin

Shops:
D:5 !


Innate Abilities, Weirdness & Mutations

You are immune to sickness and miasma.
You are immune to poison.
Your flesh is very heat resistant. (rF++)
You are vulnerable to cold. (rC-)
You float through the air rather than walking.
You learn spells naturally, not from books.
Your magical power is your life essence.
You have superior vitality. (+4 HP)


Message History

The phantom hits you but does no damage.
The orc hits you with a +0 club.
* * * LOW HITPOINT WARNING * * *
The wall freezes something.
Something hits you.
* * * LOW HITPOINT WARNING * * *
Something shocks you.
* * * LOW HITPOINT WARNING * * *
Unknown command.
Unknown command.
Okay, then.
You feel better.
The phantom resists.
The wall freezes the phantom.
The phantom hits you.
* * * LOW HITPOINT WARNING * * *
The wall freezes something.
Something hits you.
* * * LOW HITPOINT WARNING * * *
Something shocks you.
* * * LOW HITPOINT WARNING * * *
The orc hits you but does no damage.
Unknown command.
You feel better.
The phantom completely resists.
The wall freezes the phantom but does no damage.
The phantom hits you.
* * * LOW HITPOINT WARNING * * *
The wall freezes something.
Something hits you.
* * * LOW HITPOINT WARNING * * *
Something shocks you.
* * * LOW HITPOINT WARNING * * *
The orc hits you with a +0 club.
* * * LOW HITPOINT WARNING * * *
Unknown command.
Unknown command.
Okay, then.
You feel better.
The phantom completely resists.
The wall freezes the phantom but does no damage.
The phantom hits you!
* * * LOW HITPOINT WARNING * * *
The wall freezes something.
Something hits you.
* * * LOW HITPOINT WARNING * * *
Something shocks you.
You die...

.## ... .......
......#
###.#...#
...#...#
#.#####.#...###
#......)..<...#
#...o.##.#
#)..{@W..#
#....###..... #
#....# ### #
#....# #.####
#.# ### #.#####
...
#.....#########
#.#
#..............
#.#


You could see a phantom and an orc.

Vanquished Creatures
  A water moccasin (D:5)
  A sky beast (D:5)
  2 ice beasts
  An ogre (D:5)
  A centaur (D:6)
  A phantom (D:4)
  A bullfrog (D:5)
  A centaur skeleton (D:4)
  4 hounds
  An iguana (D:4)
  4 orc wizards
  A hound skeleton (D:5)
  A gnoll (D:1)
  8 adders
  An adder zombie (D:5)
  4 dart slugs
  15 orcs
  9 endoplasms
  2 giant cockroaches (D:1)
  9 goblins
  11 hobgoblins
  4 jackals
  5 kobolds
  4 quokkas
  8 ball pythons
  5 frilled lizards
  4 rats
109 creatures vanquished.

Vanquished Creatures (collateral kills)
  A foxfire (D:2)
1 creature vanquished.

Vanquished Creatures (others)
  137 foxfires
  15 plants (D:2)
152 creatures vanquished.

Grand Total: 262 creatures vanquished

Notes
Turn   | Place    | Note
-------+----------+-------------------------------------------
     0 | D:1      | dickylongcocking the Djinni Ice Elementalist began the
                  | quest for the Orb.
     0 | D:1      | Reached XP level 1. HP: 15/15 MP: 0/0
   125 | D:1      | Reached XP level 2. HP: 1/21 MP: 0/0
   529 | D:1      | Found a faded altar of an unknown god.
   657 | D:1      | Reached XP level 3. HP: 25/26 MP: 0/0
   657 | D:1      | Learned a level 1 spell: Foxfire
  1187 | D:1      | Reached skill level 1 in Fighting
  1877 | D:2      | Reached XP level 4. HP: 16/32 MP: 0/0
  1887 | D:2      | Reached skill level 1 in Armour
  2953 | D:2      | Reached XP level 5. HP: 36/38 MP: 0/0
  2953 | D:2      | Learned a level 2 spell: Corpse Rot
  3487 | D:3      | Reached skill level 2 in Armour
  4768 | D:4      | Found a glowing silver altar of Zin.
  4849 | D:4      | Reached skill level 3 in Armour
  4849 | D:4      | Reached XP level 6. HP: 27/45 MP: 0/0
  5561 | D:4      | Found a snail-covered altar of Cheibriados.
  5632 | D:4      | Reached skill level 4 in Armour
  6009 | D:4      | Reached XP level 7. HP: 45/50 MP: 0/0
  6009 | D:4      | Learned a level 3 spell: Mephitic Cloud
  6050 | D:5      | Entered Level 5 of the Dungeon
  6050 | D:5      | Noticed a water moccasin
  6056 | D:5      | Killed a water moccasin
  6057 | D:5      | Reached skill level 5 in Armour
  6174 | D:5      | Identified the +9 whip of Uncomfortable Rashes {vorpal,
                  | *Corrode rC+ rN+}
  6231 | D:5      | Reached skill level 5 in Spellcasting
  6672 | D:5      | Reached skill level 6 in Armour
  6672 | D:5      | Reached XP level 8. HP: 52/58 MP: 0/0
  6936 | D:5      | Found a sacrificial altar of Ru.
  7024 | D:5      | Found Piutig's Distillery.
  7030 | D:5      | Bought a potion of curing for 42 gold pieces
  7030 | D:5      | Bought a potion of lignification for 42 gold pieces
  7030 | D:5      | Bought a potion of might for 56 gold pieces
  7030 | D:5      | Bought a potion of brilliance for 56 gold pieces
  7258 | D:6      | Reached skill level 5 in Fighting
  7277 | D:6      | Reached skill level 7 in Armour
  7669 | D:6      | HP: 1/59 [orc (2)]
  7670 | D:6      | Slain by a sky beast

Illustrated notes

Levels and vault maps discovered:
D:1:      dpeg_arrival_refuge, layout_basic,
          hellmonk_ecumenical_altar_crossroads, minmay_misc_feat_room
D:2:      minmay_recursive_quarters, layout_basic, serial_bayou_lake_a
D:3:      layout_basic, minmay_misc_feat_ornament
D:4:      layout_rooms, zin_treasury, lemuel_crystal_altar,
          minmay_quadrilaterals
D:5:      layout_loops_ring, old_standard_altar, serial_shops, shop,
          hangedman_decor_points, eino_small_chamber_without_monster
D:6:      layout_basic, pdpol_wu_jian_five_deadly_venoms, temple_statues

Skill      XL: |  1  2  3  4  5  6  7  8 |
---------------+-------------------------+-----
Fighting       | 1 2 3 4 5 |  5.3
Armour         | 1 3 4 6 7 |  7.3
Spellcasting   | 4 5 |  5.6
Dodging        | |  2.2
Stealth        | |  1.7

Action                   |  1- 3 |  4- 6 |  7- 9 || total
-------------------------+-------+-------+-------++-------
Melee: Unarmed           |    20 |     5 |       ||    25
       Dagger            |       |    15 |       ||    15
       Whip              |       |       |    28 ||    28
 Cast: Freeze            |    40 |    45 |     7 ||    92
       Foxfire           |       |    62 |    30 ||    92
       Frozen Ramparts   |       |     2 |     7 ||     9
       Hailstorm         |       |     1 |     2 ||     3
  Use: Potion            |       |       |     3 ||     3
Armor: Robe              |     6 |     7 |       ||    13
       Leather armour    |       |     9 |    18 ||    27
Dodge: Dodged            |    25 |    53 |    53 ||   131

Table legend: (Time is in decaauts)
 A = Elapsed time spent in this place.
 B = Non-inter-level travel time spent in this place.
 C = Inter-level travel time spent in this place.
 D = Time resting spent in this place.
 E = Time spent auto-exploring this place.
 F = Levels seen in this place.
 G = Mean time per level.
                   A        B        C        D        E       F      G
               +--------+--------+--------+--------+--------+-----+--------+
         Total |   7669 |   7475 |    194 |   1753 |   4953 |   6 | 1278.2 |
       Dungeon |   7669 |   7475 |    194 |   1753 |   4953 |   6 | 1278.2 |
               +--------+--------+--------+--------+--------+-----+--------+

Top non-repeatable levels by time:
     D:1: 1799 daAuts
     D:3: 1639 daAuts
     D:2: 1581 daAuts
     D:5: 1186 daAuts
     D:4: 1028 daAuts
     D:6: 434 daAuts
